 Dungeon Crawl Stone Soup version 0.28-a0-1080-g05a166d0ed (webtiles) character file.

Game seed: 11600740550141972754

553 Redcow54321 the Twirler (level 7, -2/56 HPs)
             Began as a Demonspawn Gladiator on Dec 9, 2021.
             Killed from afar by Ijyb (15 damage)
             ... with a bolt of acid
             ... on level 4 of the Dungeon.
             The game lasted 00:04:43 (2940 turns).

Redcow54321 the Twirler (Demonspawn Gladiator)      Turns: 2940, Time: 00:04:44

Health: -2/56      AC:  1    Str: 16    XL:     7   Next: 8%
Magic:  7/7        EV: 11    Int: 10    God:
Gold:   170        SH:  0    Dex: 14    Spells: 6/6 levels left

rFire   . . .      SeeInvis .   a - +0 quarterstaff
rCold   + . .      Faith    .   (shield currently unavailable)
rNeg    . . .      Spirit   .   h - +2 ring mail {rC+}
rPois   .          Reflect  .   (helmet restricted)
rElec   .          Harm     .   (no cloak)
rCorr   .          Rampage  .   (no gloves)
Will    .....                   (no boots)
Stlth   +.........              (no amulet)
HPRegen 0.18/turn               (no ring)
MPRegen 0.20/turn               (no ring)

@: corroded
A: antennae 1, slimy green scales 1, spiny 2, magic regeneration
a: no special abilities


You were on level 4 of the Dungeon.
You visited 1 branch of the dungeon, and saw 4 of its levels.

You collected 170 gold pieces.

Inventory:

Hand Weapons
 a - a +0 quarterstaff (weapon)
Missiles
 d - 3 throwing nets (quivered)
Armour
 b - a +0 leather armour
 c - a +0 helmet
 h - a +2 ring mail of cold resistance (worn)
Scrolls
 e - 4 scrolls of identify {unknown}
 g - a scroll of brand weapon {unknown}
 l - 2 scrolls of vulnerability {unknown}
Potions
 f - a potion of mutation {unknown}
 j - a potion of cancellation {unknown}
 k - a potion of flight {unknown}


   Skills:
 * Level 5.0 Fighting
 + Level 6.1 Staves
 - Level 1.7 Throwing
 - Level 2.6 Dodging


You had 6 spell levels left.
You didn't know any spells.
Your spell library contained the following spells:

 Spells                   Type           Power      Damage    Failure   Level
 Corpse Rot               Necr/Air       0%         N/A       73%         2
 Poisonous Vapours        Pois/Air       0%         N/A       73%         2
 Ozocubu's Armour         Ice            0%         N/A       91%         3
 Metabolic Englaciation   Hex/Ice        0%         N/A       100%        5
 Simulacrum               Ice/Necr       0%         N/A       100%        6


Dungeon Overview and Level Annotations

Branches:
Dungeon (4/15)
 Temple: D:4-7

Altars:
Trog

Annotations:
D:4 Ijyb


Innate Abilities, Weirdness & Mutations

You have a pair of small antennae on your head.
You are partially covered in slimy green scales. (AC +2)
You are mostly covered in sharp spines.
You regenerate magic rapidly.


Message History

Your demonic ancestry asserts itself...
Your magic begins to regenerate rapidly.
* * * LOW HITPOINT WARNING * * *
You feel sick.
You feel better.
You start resting.
Ijyb the Twisted Goblin comes into view.
She is wielding a +0 club and carrying a wand of acid (5).
Ijyb shouts!
A giant cockroach comes into view.
Ijyb zaps a wand.
The bolt of acid hits you!! The acid corrodes you!
Ijyb drinks a potion.
Ijyb seems to grow stronger.
You closely miss Ijyb.
The giant cockroach waves its antennae.
Ijyb zaps a wand.
The bolt of acid misses you.
You hit Ijyb but do no damage. Ijyb is struck by your spines.
Ijyb barely misses you.
You closely miss Ijyb.
Ijyb is lightly wounded.
The giant cockroach is struck by your spines.
The giant cockroach barely misses you. Ijyb is struck by your spines.
Ijyb hits you with a +0 club.
You barely miss Ijyb.
Ijyb is moderately wounded.
The giant cockroach barely misses you. Ijyb barely misses you.
You sock Ijyb!
Ijyb is heavily wounded.
The giant cockroach is struck by your spines.
You kill the giant cockroach!
Ijyb zaps a wand.
The bolt of acid hits you! The acid corrodes you!
You closely miss Ijyb.
Ijyb is heavily wounded.
Ijyb hits you with a +0 club.
* * * LOW HITPOINT WARNING * * *
You hit Ijyb but do no damage.
Ijyb is heavily wounded.
Ijyb closely misses you.
You closely miss Ijyb.
Ijyb is heavily wounded.
Ijyb zaps a wand.
The bolt of acid hits you!
You die...

#.# .# #.# ##.###
#######.# #....
......#.# .... #####.#.#
#..## ##.#.# #...## #
###..#.# #.#..#.#
##....<.########†...#.##
...))..........g@......+
..).).###########...####
##.#.## ##..# #.### ##.#
#.# #)# #.# #.# #.# #.#
#.# ... #.# ..#


You could see Ijyb (strong).

Vanquished Creatures
  Sigmund (D:2)
  Duvessa (D:4)
  A scorpion (D:4)
  Dowan (D:4)
  Natasha (D:4)
  Robin (D:4)
  4 adders
  An adder skeleton (D:4)
  5 worms
  A dart slug (D:3)
  5 orcs (D:3)
  3 bats
  9 endoplasms
  6 giant cockroaches
  10 goblins
  11 hobgoblins
  3 jackals (D:2)
  5 quokkas
  5 ball pythons
  3 frilled lizards
  7 kobolds
  11 rats
95 creatures vanquished.

Notes
Turn   | Place    | Note
-------+----------+-------------------------------------------
     0 | D:1      | Redcow54321 the Demonspawn Gladiator began the quest for
                  | the Orb.
     0 | D:1      | Reached XP level 1. HP: 16/16 MP: 1/1
   290 | D:1      | Reached skill level 3 in Staves
   389 | D:1      | Found a faded altar of an unknown god.
   396 | D:1      | Gained mutation: You are partially covered in slimy green
                  | scales. (AC +2) [demonic ancestry]
   396 | D:1      | Reached XP level 2. HP: 22/23 MP: 2/2
   847 | D:1      | Gained mutation: You are partially covered in sharp spines.
                  | [demonic ancestry]
   847 | D:1      | Reached XP level 3. HP: 28/28 MP: 3/3
  1742 | D:2      | Noticed Sigmund
  1755 | D:2      | Killed Sigmund
  1756 | D:2      | Reached skill level 4 in Staves
  1756 | D:2      | Reached XP level 4. HP: 28/37 MP: 4/4
  1756 | D:2      | Gained mutation: You have a pair of small antennae on your
                  | head. [demonic ancestry]
  1756 | D:2      | Reached XP level 5. HP: 32/42 MP: 5/5
  2080 | D:3      | Reached skill level 5 in Staves
  2098 | D:3      | Gained mutation: You are mostly covered in sharp spines.
                  | [demonic ancestry]
  2098 | D:3      | Reached XP level 6. HP: 26/48 MP: 6/6
  2504 | D:3      | Noticed a moth of wrath
  2506 | D:3      | Found a bloodstained altar of Trog.
  2645 | D:4      | Noticed Robin
  2650 | D:4      | Killed Robin
  2671 | D:4      | Noticed Natasha
  2678 | D:4      | Killed Natasha
  2701 | D:4      | Noticed Duvessa
  2704 | D:4      | Noticed Dowan
  2713 | D:4      | Killed Duvessa
  2716 | D:4      | Killed Dowan
  2724 | D:4      | Reached skill level 5 in Fighting
  2724 | D:4      | Reached skill level 6 in Staves
  2724 | D:4      | Gained mutation: You regenerate magic rapidly. [demonic
                  | ancestry]
  2724 | D:4      | Reached XP level 7. HP: 8/56 MP: 7/7
  2929 | D:4      | Noticed Ijyb
  2940 | D:4      | Killed from afar by Ijyb

Illustrated notes

Levels and vault maps discovered:
D:1:      wander_arrival_peaceful_grave, layout_rooms,
          shapermc_ecumenical_altar_totnotflames, nicolae_wormholes
D:2:      layout_rooms, serial_rivers, chequers_serial_rivers_micro_e,
          chequers_serial_rivers_small_b, chequers_serial_rivers_micro_a,
          chequers_serial_rivers_micro_b, chequers_serial_rivers_room_a,
          minmay_misc_feat_rows, uniq_sigmund
D:3:      layout_rooms, tgw_trog
D:4:      layout_loops_corners, minmay_temple_entry_wispy, st_stairs_7,
          grunt_decor_junction, uniq_natasha, uniq_duvessa, uniq_robin,
          uniq_ijyb

Skill      XL: |  1  2  3  4  5  6 |
---------------+-------------------+-----
Staves         | 3 4 5 6 |  6.1
Fighting       | 4 5 |  5.0
Throwing       | |  1.7
Dodging        | |  2.6

Action                   |  1- 3 |  4- 6 |  7- 9 || total
-------------------------+-------+-------+-------++-------
Melee: Quarterstaff      |   100 |    96 |     8 ||   204
  Use: Potion            |       |       |     1 ||     1
Armor: Leather armour    |    24 |       |       ||    24
       Ring mail         |    20 |    24 |       ||    44
Dodge: Dodged            |    60 |    41 |     6 ||   107

Table legend: (Time is in decaauts)
 A = Elapsed time spent in this place.
 B = Non-inter-level travel time spent in this place.
 C = Inter-level travel time spent in this place.
 D = Time resting spent in this place.
 E = Time spent auto-exploring this place.
 F = Levels seen in this place.
 G = Mean time per level.
                   A        B        C        D        E       F      G
               +--------+--------+--------+--------+--------+-----+--------+
         Total |   2959 |   2885 |     74 |    546 |   1850 |   4 |  739.8 |
       Dungeon |   2959 |   2885 |     74 |    546 |   1850 |   4 |  739.8 |
               +--------+--------+--------+--------+--------+-----+--------+

Top non-repeatable levels by time:
     D:1: 1139 daAuts
     D:2: 804 daAuts
     D:3: 673 daAuts
     D:4: 341 daAuts
